 Dungeon Crawl Stone Soup version 0.29-a0-838-g385bb11a5b (webtiles) character file.

Game seed: 17092869079423014684

214 ytrimaz the Chopper (level 5, 0/41 HPs)
             Began as a Demonspawn Fighter on July 14, 2022.
             Was an Initiate of Ashenzari.
             Succumbed to a crimson imp's poison
             ... on level 4 of the Dungeon.
             The game lasted 00:03:48 (4044 turns).

ytrimaz the Chopper (Demonspawn Fighter)            Turns: 4044, Time: 00:03:49

Health: 0/41       AC:  6    Str: 18    XL:     5   Next: 59%
Magic:  5/5        EV:  9    Int: 10    God:    Ashenzari [......]
Gold:   130        SH:  4    Dex: 12    Spells: 4/4 levels left

rFire   . . .      SeeInvis .   a - +1 war axe
rCold   . . .      Faith    .   c - +0 buckler
rNeg    . . .      Spirit   .   b - +0 scale mail
rPois   .          Reflect  .   (no helmet)
rElec   .          Harm     .   (no cloak)
rCorr   .          Rampage  .   (no gloves)
Will    .....                   (no boots)
Stlth   ..........              (no amulet)
HPRegen 0.13/turn               (no ring)
MPRegen 0.09/turn               (no ring)

@: lethally poisoned (0 -> -1), flying, invisible (expiring)
A: icemail 1, condensation shield
a: Renounce Religion


You were on level 4 of the Dungeon.
You worshipped Ashenzari.
Ashenzari was noncommittal.
You visited 2 branches of the dungeon, and saw 5 of its levels.

You collected 130 gold pieces.

Inventory:

Hand Weapons
 a - a +1 war axe (weapon)
Missiles
 k - 6 boomerangs (quivered)
Armour
 b - a +0 scale mail (worn)
 c - a +0 buckler (worn)
Wands
 n - a wand of mindburst (6)
Scrolls
 l - a scroll of amnesia
 o - a scroll of vulnerability {unknown}
Potions
 e - 3 potions of lignification
 f - 3 potions of flight
 g - a potion of curing {unknown}
 h - a potion of degeneration {unknown}
 i - a potion of invisibility {unknown}
 j - 2 potions of haste
 m - a potion of cancellation {unknown}


   Skills:
 - Level 3.0 Fighting
 + Level 5.4 Axes
 - Level 2.6 Armour
 - Level 2.6 Shields


You had 4 spell levels left.
You didn't know any spells.
Your spell library was empty.

Dungeon Overview and Level Annotations

Branches:
Dungeon (4/15)             Temple (1/1) D:4

Altars:
Ashenzari
Cheibriados
Dithmenos
Fedhas
Gozag
Hepliaklqana
Kikubaaqudgha
Makhleb
Nemelex Xobeh
Okawaru
Qazlal
Ru
Sif Muna
Trog
Uskayaw
Vehumet
Wu Jian
Xom
Yredelemnul


Innate Abilities, Weirdness & Mutations

A meltable icy envelope protects you from harm. (AC +0)
A meltable shield of frost defends you. (SH +0)


Message History

You slash the crimson imp!
The crimson imp is almost dead.
The crimson imp hits you with a +2 dagger of chaos.
Your icy defenses dissipate!
The crimson imp burns you. The crimson imp closely misses you.
You hit the crimson imp.
The crimson imp is almost dead.
The crimson imp hits you with a +2 dagger of chaos.
You are poisoned.
You closely miss the crimson imp.
The crimson imp is severely wounded.
You feel very sick. The crimson imp closely misses you.
You closely miss the crimson imp.
The crimson imp is severely wounded.
You feel sick.
The crimson imp hits you with a +2 dagger of chaos.
* * * LOW HITPOINT WARNING * * *
The crimson imp completely misses you.
You closely miss the crimson imp.
The crimson imp is heavily wounded.
You feel sick.
The crimson imp blinks!
Unknown command.
A crimson imp is nearby!
You feel sick.
You barely miss the crimson imp.
The crimson imp is heavily wounded.
You feel sick.
The crimson imp hits you with a +2 dagger of chaos.
* * * LOW HITPOINT WARNING * * *
You hit the crimson imp but do no damage.
The crimson imp is moderately wounded.
You flicker for a moment.
* * * LOW HITPOINT WARNING * * *
You feel sick. The crimson imp barely misses you.
Unknown command.
It was a potion of flight.
You feel very buoyant.
You fly up into the air.
You die...

..############
............#
##.#..######.###
...............##
##.####.........#
..... #..###.#..#
.......#..#####..#
.......#..#_..#.5#
..._......#...'.@#
.....#..#_..#..#
.....#..#####.........
.... #....##########..
###.####....>...#
.........##.###.#
..####### #.###.# )##
#..##.# .# #..##.#


You could see a crimson imp (unable to see you).

Vanquished Creatures
  A phantom (D:4)
  Ijyb (D:4)
  5 adders
  3 worms
  A dart slug (D:2)
  An orc (D:3)
  8 ball pythons
  11 endoplasms
  A giant cockroach (D:3)
  6 goblins
  4 hobgoblins
  A quokka (D:1)
  4 bats
  4 frilled lizards
  5 kobolds
  3 rats
  A butterfly (D:4)
60 creatures vanquished.

Vanquished Creatures (others)
  4 plants (D:3)
4 creatures vanquished.

Grand Total: 64 creatures vanquished

Notes
Turn   | Place    | Note
-------+----------+-------------------------------------------
     0 | D:1      | ytrimaz the Demonspawn Fighter began the quest for the Orb.
     0 | D:1      | Reached XP level 1. HP: 18/18 MP: 1/1
    58 | D:1      | Reached skill level 2 in Axes
   275 | D:1      | Gained mutation: A meltable shield of frost defends you.
                  | (SH +0) [demonic ancestry]
   275 | D:1      | Reached XP level 2. HP: 21/24 MP: 2/2
   832 | D:1      | Reached skill level 3 in Axes
  1272 | D:2      | Reached XP level 3. HP: 17/29 MP: 3/3
  1553 | D:2      | Found a faded altar of an unknown god.
  2715 | D:3      | Gained mutation: A meltable icy envelope protects you from
                  | harm. (AC +0) [demonic ancestry]
  2715 | D:3      | Reached XP level 4. HP: 30/35 MP: 4/4
  2717 | D:3      | Reached skill level 4 in Axes
  3500 | D:4      | Found a staircase to the Ecumenical Temple.
  3509 | D:4      | Noticed Ijyb
  3514 | D:4      | Noticed a phantom
  3516 | D:4      | Killed Ijyb
  3521 | D:4      | Reached XP level 5. HP: 14/41 MP: 5/5
  3528 | D:4      | Killed a phantom
  3529 | D:4      | Reached skill level 5 in Axes
  3548 | Temple   | Entered the Ecumenical Temple
  3935 | Temple   | Became a worshipper of Ashenzari the Shackled
  3987 | D:4      | Found an iron altar of Okawaru.
  4020 | D:4      | Found a burning altar of Makhleb.
  4020 | D:4      | Found a shimmering altar of Xom.
  4043 | D:4      | HP: 1/41 [poisoned by a crimson imp]
  4044 | D:4      | Succumbed to a crimson imp's poison

Illustrated notes

Levels and vault maps discovered:
D:1:      moated_graveyard_arrival, layout_basic
D:2:      layout_basic, hellmonk_ecumenical_altar_slurped_away,
          serial_bayou_pond_d
D:3:      layout_loops_corners, minmay_misc_feat_alley,
          hangedman_feature_mirror, serial_bayou_crossing
D:4:      layout_loops_corners, old_standard_altar,
          grunt_temple_overflow_champion_of_chaos,
          minmay_temple_entry_butterflies, ebering_ghost_sewer_d, uniq_ijyb
Temple:   nicolae_temple_bog_church

Skill      XL: |  1  2  3  4  5 |
---------------+----------------+-----
Axes           | 2 3 4 5 |  5.4
Fighting       | |  3.0
Armour         | |  2.6
Shields        | |  2.6

Action                   |  1- 3 |  4- 6 || total
-------------------------+-------+-------++-------
Melee: War axe           |   105 |    66 ||   171
  Use: Scroll            |     8 |     3 ||    11
       Potion            |       |     2 ||     2
 Stab: Invisible         |       |     1 ||     1
Armor: Scale mail        |    31 |    22 ||    53
Dodge: Dodged            |    33 |    23 ||    56
Block: Buckler           |    39 |    30 ||    69

Table legend: (Time is in decaauts)
 A = Elapsed time spent in this place.
 B = Non-inter-level travel time spent in this place.
 C = Inter-level travel time spent in this place.
 D = Time resting spent in this place.
 E = Time spent auto-exploring this place.
 F = Levels seen in this place.
 G = Mean time per level.
                   A        B        C        D        E       F      G
               +--------+--------+--------+--------+--------+-----+--------+
         Total |   4132 |   4087 |     45 |    206 |   3275 |   5 |  826.4 |
       Dungeon |   3715 |   3685 |     30 |    206 |   2933 |   4 |  928.8 |
        Temple |    416 |    401 |     15 |      0 |    342 |   1 |  416.0 |
               +--------+--------+--------+--------+--------+-----+--------+

Top non-repeatable levels by time:
     D:2: 1237 daAuts
     D:3: 1068 daAuts
     D:1: 1065 daAuts
  Temple: 416 daAuts
     D:4: 344 daAuts
